 Dungeon Crawl Stone Soup version 0.18-a0-1778-gadce9fa (webtiles) character file.

301 nono the Covered (level 6, 0/55 HPs)
             Began as a Deep Dwarf Berserker on Apr 16, 2016.
             Was a Priest of Trog.
             Slain by an ogre
             ... wielding a +0 giant club
              (20 damage)
             ... on level 4 of the Dungeon.
             The game lasted 01:00:52 (2710 turns).

nono the Covered (Deep Dwarf Berserker)             Turns: 2710, Time: 01:00:52

Health: 0/55       AC: 11    Str: 20    XL:     6   Next: 14%
Magic:  6/6        EV:  9    Int:  8    God:    Trog [***...]
Gold:   181        SH:  0    Dex: 14    Spells: 0 memorised, 5 levels left

rFire  . . .     SeeInvis .     m - +4 dagger
rCold  . . .     Gourm    .     t - +0 chain mail
rNeg   . . .     Faith    .     (no shield)
rPois  .         Spirit   .     (no helmet)
rElec  .         Dismiss  .     (no cloak)
rCorr  .         Reflect  .     (no gloves)
SustAt .         Harm     .     (no boots)
MR     +++..                    (no amulet)
Stlth  ..........               w - +2 ring of protection
                                n - ring of protection from magic

@: non-regenerating, extremely resistant to hostile enchantments, extremely
unstealthy
A: damage resistance, recharge devices, sense surroundings 1, slow regeneration
3
a: Device Recharging, Berserk, Trog's Hand, Burn Spellbooks, Renounce Religion


You were on level 4 of the Dungeon.
You worshipped Trog.
Trog was most pleased with you.
You were hungry.

You visited 1 branch of the dungeon, and saw 4 of its levels.

You collected 181 gold pieces.

Inventory:

Hand Weapons
 a - a +0 hand axe
 m - a +4 dagger (weapon)
Armour
 b - a +0 animal skin
 h - a +0 leather armour
 t - a +0 chain mail (worn)
Jewellery
 n - a ring of protection from magic (left hand)
 w - a +2 ring of protection (right hand)
Wands
 c - a wand of heal wounds (2/9)
Scrolls
 g - 2 scrolls of enchant armour {unknown}
 k - 3 scrolls of identify {unknown}
 o - 2 scrolls of enchant weapon {unknown}
 p - a scroll of fog {unknown}
 q - a scroll of recharging {unknown}
 u - 2 scrolls of remove curse {unknown}
 v - a scroll of fear {unknown}
 y - a scroll of immolation {unknown}
Potions
 e - 2 potions of brilliance {unknown}
 i - a potion of heal wounds {unknown}
 j - a potion of curing {unknown}
 l - 2 potions of flight {unknown}
 r - 2 potions of berserk rage {unknown}
 s - 2 potions of agility {unknown}
 x - a potion of cancellation {unknown}
Comestibles
 d - 2 bread rations
 f - 2 meat rations
 z - a slice of pizza


   Skills:
 - Level 2.6 Fighting
 + Level 4.9 Axes
 + Level 4.9 Armour
 + Level 4.2 Dodging


You had 5 spell levels left.
You didn't know any spells.

Dungeon Overview and Level Annotations

Branches:
Dungeon (4/15)
 Temple: D:4-7

Altars:
Dithmenos
Qazlal
Trog


Innate Abilities, Weirdness & Mutations

You are resistant to damage.
You can recharge devices by infusing magical energy.
You passively map a small area around you.
You do not regenerate naturally.


Message History

You feel slightly more hungry.
You hit the ogre.
The ogre is heavily wounded.
The ogre hits you with a giant club!
* * * LOW HITPOINT WARNING * * *
Evoke which item? (* to show all) (? for menu, Esc to quit)
Zapping:
c - a wand of heal wounds (3/9)
Press: ? - help, Shift-Dir - straight line, f - you You feel much better.
This wand has 2 charges left.
You are feeling hungry.
You completely miss the ogre.
The ogre is heavily wounded.
The ogre barely misses you.
You hit the ogre.
The ogre is heavily wounded.
The ogre hits you with a giant club!!
You hit the ogre.
The ogre is heavily wounded.
The ogre hits you with a giant club!!
You die...

########### #.#.#.
#........<#
#.#.#.#
#.######### #.#.#
# #.# #.#.# * #.#
#.#.# *** #.# #.#
, , #.# #.# #.#
#O#
##.############@#
* *
#...............#,
###############.#
###


You could see an ogre.

Vanquished Creatures
  A centaur (D:3)
  A howler monkey (D:3)
  A giant frog skeleton (D:3)
  A gnoll (D:1)
  3 adders
  An ooze (D:3)
  3 worms
  4 dart slugs
  7 giant geckos
  4 giant cockroaches (D:3)
  12 goblins
  7 hobgoblins
  10 jackals
  12 bats
  A giant newt (D:1)
  9 kobolds
  17 rats
94 creatures vanquished.

Notes
Turn   | Place    | Note
--------------------------------------------------------------
     0 | D:1      | nono the Deep Dwarf Berserker began the quest for the Orb.
     0 | D:1      | Reached XP level 1. HP: 20/20 MP: 1/1
   233 | D:1      | Reached XP level 2. HP: 17/27 MP: 2/2
   350 | D:1      | Reached ** piety under Trog
   494 | D:1      | Reached XP level 3. HP: 16/33 MP: 3/3
  1233 | D:2      | Reached XP level 4. HP: 27/40 MP: 4/4
  1315 | D:2      | Found a bloodstained altar of Trog.
  1491 | D:2      | Reached *** piety under Trog
  1538 | D:2      | Found a bloodstained altar of Trog.
  1539 | D:2      | Found a stormy altar of Qazlal.
  1961 | D:3      | Reached XP level 5. HP: 26/46 MP: 5/5
  2056 | D:3      | Found a shadowy altar of Dithmenos.
  2089 | D:3      | Noticed a centaur
  2099 | D:3      | Killed a centaur
  2376 | D:3      | Reached XP level 6. HP: 30/55 MP: 6/6
  2710 | D:4      | Slain by an ogre

Vault maps used:
D:1:      elethiomel_arrival_maze
D:2:      minitemple, trog_hazing_becter
D:3:      grunt_ministairs_7, nicolae_dithmenos_shadow_blocks
D:4:      gammafunk_temple_overflow_pools, minmay_temple_entry_statues_pillars,
          serial_glass, glass_columns_a, glass_columns_c, gup_sewer_entry_glass,
          feat_on_display

Skill      XL: |  1  2  3  4  5 |
---------------+----------------+-----
Armour         | 3 4 |  4.9
Dodging        | 3 4 |  4.2
Axes           | 4 |  4.9
Fighting       | |  2.6

Action                   |  1- 3 |  4- 6 || total
-------------------------+-------+-------++-------
Melee: Hand axe          |    89 |       ||    89
       Dagger            |    71 |   179 ||   250
Invok: Trog's Hand       |       |     2 ||     2
Evoke: Wand              |     2 |     1 ||     3
 Stab: Sleeping          |     1 |       ||     1
  Eat: Chunk             |     1 |     5 ||     6
Armor: Animal skin       |    24 |       ||    24
       Leather armour    |     3 |     1 ||     4
       Chain mail        |       |   107 ||   107
Dodge: Dodged            |   110 |   101 ||   211
